Unix NetHack Version 5.0.0-0 post-release - last build May 17 2026 04:57:42 (dc50c8380fa5e20985bfe3072449f57b8d9895ef,branch:main).

Game began 2026-05-16 21:10:08, ended 2026-05-17 18:33:51.

Eymerich, chaotic male elven Priest

                                                           ----      ------
                                                           |...     #....<|
                                                           |....    #|....|
                                                           |....|   #|....|
        h                                                  |.)))^####|....|
                                                           -- ---    ------

 -----
 |....
 |....
 |..)...
 |....h..
 |.....@.
 --------

Eymerich the Adept           St:16 Dx:15 Co:13 In:9 Wi:16 Ch:9  Chaotic
Dlvl:10 $:473 HP:0(59) Pw:121(121) AC:2  Xp:8 T:6723  Satiated

Latest messages:
 You see here a bugbear corpse.
 There is a bugbear corpse here; eat it? [ynq] (n)
 This bugbear corpse tastes okay.
 You stop eating the bugbear corpse.
 There is a partly eaten bugbear corpse here; eat it? [ynq] (n)
 You resume your meal.
 You stop eating the bugbear corpse.
 The hobgoblin swings her curved sword.
 The hobgoblin hits!
 You hit the hobgoblin.
 The hobgoblin swings her curved sword.
 The hobgoblin hits!
 You miss the hobgoblin.
 The hobgoblin swings her curved sword.
 The hobgoblin misses!
 You miss the hobgoblin.
 The hobgoblin swings her curved sword.
 The hobgoblin misses!
 You kill the hobgoblin!
 There is a partly eaten bugbear corpse here; eat it? [ynq] (n)
 You consume the last bite of your meal.
 You finish eating the bugbear corpse.
 You see here a hobgoblin corpse.
 There is a hobgoblin corpse here; eat it? [ynq] (n)
 This hobgoblin corpse tastes okay.
 You finish eating the hobgoblin corpse.
 There is a hobgoblin corpse here; eat it? [ynq] (n)
 This hobgoblin corpse is fatty.
 You stop eating the hobgoblin corpse.
 There is a partly eaten hobgoblin corpse here; eat it? [ynq] (n)
 You resume your meal.
 You hear crashing rock.
 You stop eating the hobgoblin corpse.
 There is a partly eaten hobgoblin corpse here; eat it? [ynq] (n)
 You resume your meal.
 You finish eating the hobgoblin corpse.
 The bugbear wields a curved sword!
 The bugbear swings her curved sword.
 The bugbear hits!
 What do you want to use or apply? [h-knuwzRSV or ?*]
 Improvise? [ynq] (q)
 You start playing your bugle.
 You extract a loud noise from your bugle.
 The dwarf turns to flee.
 The bugbear turns to flee.
 The bugbear puts on a blessed iron skull cap.
 The bugbear swings her curved sword.
 The bugbear hits!
 You die...
 Do you want your possessions identified? [ynq] (y)

Inventory:
 Coins    ('$')
  $ - 473 gold pieces
 Weapons  (')')
  v - a +0 sling
  p - 15 +0 darts (at the ready)
  X - 8 blessed +2 shuriken
  A - a +0 knife
  Q - a blessed +0 orcish dagger
  q - a blessed +0 quarterstaff (weapon in hands)
 Armor    ('[')
  g - a blessed +0 orcish helm (being worn)
  s - a +0 pair of leather gloves (being worn)
  L - a +1 dwarvish cloak (being worn)
  H - a +0 mummy wrapping
  b - a blessed +0 robe
  G - a +0 elven mithril-coat (being worn)
 Comestibles  ('%')
  e - 2 cloves of garlic
  m - 2 food rations
  N - a lembas wafer
  f - a sprig of wolfsbane
  c - a tripe ration
  E - a homemade tin of blue jelly
  l - 2 lichen corpses
  J - a lizard corpse
 Scrolls  ('?')
  M - a scroll of enchant weapon
  o - a cursed scroll of fire
 Potions  ('!')
  y - a potion of invisibility
  x - a potion of levitation
  C - a potion of monster detection
  r - a potion of speed
  d - 4 potions of holy water
 Wands    ('/')
  u - a wand of create monster (0:9)
  k - a wand of magic missile (0:0)
  V - a wand of magic missile (0:0)
  h - a wand of striking named empty (0:0)
  R - a wand of teleportation (0:0)
 Tools    ('(')
  i - a bugle
  n - a leash
  z - a skeleton key
  S - a skeleton key
  w - a tin whistle
 Gems/Stones  ('*')
  U - a jasper stone named valuable
  I - a worthless piece of blue glass named junk
  D - a worthless piece of green glass named junk
  W - 2 worthless pieces of yellow glass named junk
  j - a touchstone named touchstone

Eymerich the Priest's attributes:

Background:
 You were an Adept, a level 8 elven Priest.
 You were chaotic, nominally on a mission for Poseidon
 who was opposed by Athena (lawful) and Hermes (neutral).
 You were right-handed.
 You were in the Dungeons of Doom, on level 10.
 You entered the dungeon 6723 turns ago.
 There was a new moon in effect when your adventure ended.
 You had 1484 experience points, 1076 more were needed to attain level 9.

Basics:
 You had 0 out of 59 hit points.
 You had all 121 energy points (spell power).
 Your armor class was 2.
 Your wallet contained 473 zorkmids.
 Autopickup was off.

Final Characteristics:
 Your strength was 16 (limit:18).
 Your dexterity was 15 (limit:18).
 Your constitution was 13 (limit:16).
 Your intelligence was 9 (limit:20).
 Your wisdom was 16 (limit:20).
 Your charisma was 9 (limit:18).

Final Status:
 You were satiated.
 You were unencumbered.
 You were wielding a quarterstaff.
 You were unskilled in quarterstaff and could have enhanced that.

Final Attributes:
 You were piously aligned.
 Your items were somewhat protected from fire.
 Your items were somewhat protected from cold.
 You were sleep resistant.
 You had infravision.
 You were guarded.
 Your spell casting was impaired by metallic armor.
 You are dead.

Miscellaneous:
 You didn't encounter any bones levels.
 Total elapsed playing time was 1 hour, 42 minutes and 9 seconds.

Major events:
 Turn
    1: Eymerich the chaotic elven Priest entered the dungeon
  945: entered the Gnomish Mines
 1274: attained the rank of Acolyte (level 3)
 3804: attained the rank of Adept (level 6)
 6723: killed by a bugbear

Spells:
 Name                 Level Category     Fail Retention
 protection             1   clerical      71%   61%-70%
 identify               3   divination   100%   51%-75%

Skills:
 Fighting Skills
   bare handed combat [Unskilled]
 Weapon Skills
   club               [Unskilled]
   mace               [Expert]
   morning star       [Unskilled]
   flail              [Unskilled]
   hammer             [Unskilled]
   quarterstaff       [Unskilled]
   polearms           [Unskilled]
   spear              [Unskilled]
   trident            [Unskilled]
   lance              [Unskilled]
   bow                [Unskilled]
   sling              [Unskilled]
   crossbow           [Unskilled]
   dart               [Basic]
   shuriken           [Unskilled]
   boomerang          [Unskilled]
   unicorn horn       [Unskilled]
 Spellcasting Skills
   healing spells     [Unskilled]
   divination spells  [Unskilled]
   clerical spells    [Basic]

Voluntary challenges:
 Character rerolling was not enabled.
 You were an atheist.
 You never genocided any monsters.
 You never polymorphed an object.
 You never changed form.
 You used no wishes.
Achievements:
 You entered the Gnomish Mines.
 You attained the rank of Acolyte.
 You entered a shop.
 You attained the rank of Adept.

 The Dungeons of Doom: levels 1 to 11
    Level 1: "vault"
       A fountain, a grave.
    Level 2: "vault"
       A fountain.
       Stairs down to The Gnomish Mines.
    Level 3:
       A food shop, a fountain.
    Level 4:
       A general store, a fountain.
    Level 5: "chest 9 items"
    Level 6:
       Many fountains.
       Oracle of Delphi.
    Level 7:
       An altar to Poseidon.
    Level 8:
       A potion shop, a fountain.
    Level 9:
       A throne.
    Level 10: <- You were here.
       Final resting place for
          you, killed by a bugbear.
    Level 11:
       A fountain.
 The Gnomish Mines:
    Level 3:


Vanquished creatures:
  a small mimic
  a wood golem
 an ochre jelly
  a leprechaun
  a forest centaur
  2 gnome rulers
 an orc mummy
  a rust monster
  a lizard
  a dog
  a housecat
  2 dwarf leaders
  a blue jelly
  a plains centaur
  a gnome mummy
  7 bugbears
 10 Mordor orcs
 an Uruk-hai
  a rock piercer
  a rock mole
  2 ponies
  2 fog clouds
  a yellow light
  a violet fungus
  4 gnome leaders
  2 gnomish wizards
  a ghoul
  2 straw golems
  a floating eye
  2 dwarves
  a kobold shaman
  a rothe
  4 dwarf zombies
  a wererat
  3 iguanas
  2 acid blobs
  a gas spore
  2 hobbits
  8 manes
  a large kobold
 17 hobgoblins
  a giant rat
  2 yellow molds
  2 green molds
  a red mold
  5 gnomes
  a gnome zombie
  2 geckos
  5 jackals
  2 foxes
  a kobold
  2 goblins
  4 sewer rats
  3 grid bugs
  a bat
  3 lichens
  5 kobold zombies
  7 newts
143 creatures vanquished.

No species were genocided or became extinct.

Game over:
                       ----------
                      /          \
                     /    REST    \
                    /      IN      \
                   /     PEACE      \
                  /                  \
                  |     Eymerich     |
                  |      473 Au      |
                  |   killed by a    |
                  |     bugbear      |
                  |                  |
                  |                  |
                  |       2026       |
                 *|     *  *  *      | *
        _________)/\\_//(\/(/\)/\//\/|_)_______

Goodbye Eymerich the Priest...

You died in The Dungeons of Doom on dungeon level 10 with 6882 points,
and 473 pieces of gold, after 6723 moves.
You were level 8 with a maximum of 59 hit points when you died.

